 Dungeon Crawl Stone Soup version 0.30-a0-377-g5cb311bc9f (webtiles) character file.

Game seed: 8553171618466456236

46 qeuew the Trooper (level 3, 0/29 HPs)
             Began as a Demonspawn Chaos Knight on Nov 30, 2022.
             Was a Plaything of Xom.
             Succumbed to an adder's poison
             ... on level 3 of the Dungeon.
             The game lasted 00:02:22 (1414 turns).

qeuew the Trooper (Demonspawn Chaos Knight)         Turns: 1414, Time: 00:02:23

Health: 0/29       AC:  5    Str: 12    XL:     3   Next: 44%
Magic:  3/3        EV: 11    Int: 13    God:    Xom [...*..]
Gold:   110        SH:  0    Dex: 12    Spells: 2/2 levels left

rFire   . . .      SeeInvis .    a - +0 mace (chaos)
rCold   . . .      Faith    .    (no shield)
rNeg    . . .      Spirit   .    b - +2 leather armour
rPois   .          Reflect  .    (no helmet)
rElec   .          Harm     .    (no cloak)
rCorr   .          Rampage  .    (no gloves)
Will    .....                    (no boots)
Stlth   +.........               (no amulet)
HPRegen 0.24/turn                (no ring)
MPRegen 0.08/turn                (no ring)

@: lethally poisoned (0 -> -11), studying Maces & Flails
A: demonic guardian 1, powered by pain 1, clumsy 1
a: Renounce Religion


You were on level 3 of the Dungeon.
You worshipped Xom.
You were a favourite toy of Xom.
You visited 1 branch of the dungeon, and saw 3 of its levels.

You collected 110 gold pieces.

Inventory:

Hand Weapons
 a - a +0 mace of chaos (weapon)
Armour
 b - a +2 leather armour (worn)
Miscellaneous
 c - a piece from Xom's chessboard (14/15) (quivered)


   Skills:
 + Level 3.3 Fighting
 + Level 3.2 Maces & Flails
 + Level 2.2 Armour
 + Level 1.4 Dodging
 + Level 1.1 Evocations


You had 2 spell levels left.
You didn't know any spells.
Your spell library contained the following spells:

 Spells                   Type           Power      Damage    Failure   Level
 Ozocubu's Armour         Ice            0%         N/A       75%         3
 Ozocubu's Refrigeration  Ice            0%         4d7       100%        7


Dungeon Overview and Level Annotations

Branches:
Dungeon (3/15)

Altars:


Innate Abilities, Weirdness & Mutations

A weak demonic guardian rushes to your aid.
You sometimes gain a little power by taking damage.
You are clumsy. (Dex -2)


Message History

You are more poisoned.
The adder poisons you! The adder bites you but does no damage.
Your shadow imp misses the adder.
You are too injured to fight recklessly!
You are too injured to fight recklessly!
You are too injured to fight recklessly!
You are too injured to fight recklessly!
You are too injured to fight recklessly!
Unknown command.
You hit the adder but do no damage.
The adder is moderately wounded.
You feel very sick. The adder bites you.
* * * LOW HITPOINT WARNING * * *
You are more poisoned.
The adder poisons you!
Your shadow imp closely misses the adder.
You aren't carrying any potions.
Unknown command.
Unknown command.
You make a move on Xom's chessboard...
The adder flickers and vanishes!
Deactivating autopickup; reactivate with Ctrl-A.
* * * LOW HITPOINT WARNING * * *
You feel very sick. Something bites you.
* * * LOW HITPOINT WARNING * * *
Something bites you but does no damage.
You can't see anything.
Try to make a move anyway? [Y]es or [N]o only, please.
You can't see anything.
Try to make a move anyway? [Y]es or [N]o only, please.
You can't see anything.
Try to make a move anyway? [Y]es or [N]o only, please.
You can't see anything.
Try to make a move anyway? [Y]es or [N]o only, please.
You can't see anything.
Try to make a move anyway?
Okay, then.
You barely miss something.
You die...
Xom guffaws! ###.# #.##.# #### #.# #.##.# #PPP#

#.# #.##.#
P..P.##.#
#.##.##
P~P~P...
#.#...## PP~~..
#...#..#
♣♣~.######....#
♣~{P5.......#.#
♣~P@.########.#
♣~~~~## #.#
~~~~P.P## #.#
~P~...# #.#
P.#..# #.#
..... #.# #.##
#.# .. ..#


You could see a friendly shadow imp (summoned).

Vanquished Creatures
  3 dart slugs
  5 endoplasms
  2 giant cockroaches
  5 goblins
  2 hobgoblins (D:2)
  A kobold (D:2)
  2 quokkas (D:2)
  5 ball pythons
  3 bats
  3 frilled lizards (D:2)
  5 rats
36 creatures vanquished.

Vanquished Creatures (others)
  A plant (D:3)
1 creature vanquished.

Grand Total: 37 creatures vanquished

Notes
Turn   | Place    | Note
-------+----------+-------------------------------------------
     0 | D:1      | qeuew the Demonspawn Chaos Knight began the quest for the
                  | Orb.
     0 | D:1      | Reached XP level 1. HP: 18/18 MP: 1/1
   162 | D:1      | Reached skill level 1 in Dodging
   209 | D:1      | Gained mutation: A weak demonic guardian rushes to your
                  | aid. [demonic ancestry]
   209 | D:1      | Reached XP level 2. HP: 24/24 MP: 2/2
   253 | D:1      | XOM: potion effect (haste)
   264 | D:1      | Found a faded altar of an unknown god.
   635 | D:1      | XOM: give mutation
   635 | D:1      | Gained mutation: You are clumsy. (Dex -2) [Xom's mischief]
   648 | D:1      | Identified a scroll of acquirement
   648 | D:1      | Acquired a manual of Maces & Flails
   819 | D:2      | Reached skill level 1 in Evocations
   841 | D:2      | Gained mutation: You sometimes gain a little power by
                  | taking damage. [demonic ancestry]
   841 | D:2      | Reached XP level 3. HP: 11/29 MP: 3/3
  1414 | D:3      | Succumbed to an adder's poison

Illustrated notes

Levels and vault maps discovered:
D:1:      psy_arrival_basics, layout_basic, basic_ecumenical_altar,
          minmay_misc_feat_square
D:2:      layout_rooms
D:3:      layout_loops_ring, nicolae_dithmenos_through_a_glass_darkly,
          serial_bayou, serial_bayou_pond_c, serial_bayou_crossing,
          serial_bayou_pond_d, serial_bayou_pond_e, serial_bayou_pond_b,
          serial_bayou_pond_a

Skill      XL: |  1  2 |
---------------+-------+-----
Dodging        | 1 |  1.4
Armour         | 2 |  2.2
Maces & Flails | 3 |  3.2
Evocations     | 1 |  1.1
Fighting       | |  3.3

Action                   || total
-------------------------++-------
Melee: Mace              ||   101
       Punch             ||     2
Evoke: Piece from Xom's  ||     1
  Use: Scroll            ||     8
       Potion            ||     5
Armor: Leather armour    ||    36
Dodge: Dodged            ||    53

Table legend: (Time is in decaauts)
 A = Elapsed time spent in this place.
 B = Non-inter-level travel time spent in this place.
 C = Inter-level travel time spent in this place.
 D = Time resting spent in this place.
 E = Time spent auto-exploring this place.
 F = Levels seen in this place.
 G = Mean time per level.
                   A        B        C        D        E       F      G
               +--------+--------+--------+--------+--------+-----+--------+
         Total |   1426 |   1368 |     58 |      0 |   1099 |   3 |  475.3 |
       Dungeon |   1426 |   1368 |     58 |      0 |   1099 |   3 |  475.3 |
               +--------+--------+--------+--------+--------+-----+--------+

Top non-repeatable levels by time:
     D:2: 678 daAuts
     D:1: 673 daAuts
     D:3: 74 daAuts
